 Dungeon Crawl Stone Soup version 0.31-a0-232-gb1c03b2570 (webtiles) character file.

Game seed: 10629804564216759038

92 qw the Shooter (level 4, -6/26 HPs)
             Began as a Gargoyle Hexslinger on July 7, 2023.
             Mangled by a gnoll
             ... wielding a +0 halberd
              (10 damage)
             ... on level 3 of the Dungeon.
             The game lasted 00:00:37 (1944 turns).

qw the Shooter (Gargoyle Hexslinger)                Turns: 1944, Time: 00:00:38

Health: -6/26      AC: 10    Str: 11    XL:     4   Next: 60%
Magic:  5/5        EV: 12    Int: 14    God:
Gold:   75         SH:  0    Dex: 14    Spells: 4/5 levels left

rFire   . . .        Y - +1 sling
rCold   . . .        (no shield)
rNeg    + . .        c - +0 robe
rPois   inf          i - +2 helmet
rElec   +            b - +0 cloak
rCorr   .            e - +0 pair of gloves
SInv    +            (no boots)
Will    .....        (no amulet)
Stlth   +            d - ring of see invisible
HPRegen 0.24/turn    (no ring)
MPRegen 0.09/turn

%: no passive effects
@: no status effects
A: sickness immunity, AC +3, negative energy resistance 1, electricity
resistance, torment resistance 1, petrification resistance
a: no special abilities


You were on level 3 of the Dungeon.
You visited 1 branch of the dungeon, and saw 3 of its levels.

You collected 75 gold pieces.


Innate Abilities, Weirdness & Mutations

You are immune to sickness and miasma.
Your stone body is resilient. (AC +3)
You are immune to poison.
You resist negative energy. (rN+)
You are resistant to electric shocks. (rElec)
You are resistant to unholy torment.
You are immune to petrification.


   Skills:
 - Level 2.0 Fighting
 + Level 4.4 Ranged Weapons
 - Level 1.5 Dodging
 - Level 1.0 Spellcasting
 - Level 2.6 Hexes


You had 4 spell levels left.
You knew the following spells:

 Your Spells              Type           Power      Damage    Failure   Level
a - Slow                  Hex            32%        N/A       9%          1

Your spell library contained the following spells:

 Spells                   Type           Power      Damage    Failure   Level
 Inner Flame              Hex/Fire       4%         N/A       41%         3
 Portal Projectile        Hex/Tloc       8%         N/A       41%         3
 Cause Fear               Hex            4%         N/A       65%         4

Inventory:

Hand Weapons
 Y - a +1 sling (weapon)
Armour
 b - a +0 cloak (worn)
 c - a +0 robe (worn)
 e - a +0 pair of gloves (worn)
 i - a +2 helmet (worn)
Jewellery
 d - a ring of see invisible (left hand)
Scrolls
 a - 2 scrolls of identify
Potions
 f - a potion of resistance {unknown}
 l - a potion of enlightenment {unknown}
 m - a potion of brilliance {unknown}

Dungeon Overview and Level Annotations

Branches:
Dungeon (3/15)

Altars:

Shops:
D:1 *


Message History

You shoot a sling bullet. The sling bullet hits the gnoll.
The gnoll is severely wounded.
The gnoll hits you but does no damage. The gnoll barely misses you.
You shoot a sling bullet.
The sling bullet barely misses the gnoll.
The gnoll misses you. The gnoll closely misses you.
You shoot a sling bullet.
The sling bullet completely misses the gnoll.
The gnoll misses you. The gnoll hits you but does no damage.
You shoot a sling bullet. The sling bullet hits the gnoll.
You kill the gnoll!
The gnoll hits you from afar with a +0 halberd.
You shoot a sling bullet.
The sling bullet closely misses the gnoll.
The sling bullet hits the gnoll but does no damage.
The gnoll hits you from afar with a +0 halberd. x2
You shoot a sling bullet.
The sling bullet barely misses the gnoll.
The sling bullet hits the gnoll.
The gnoll is lightly wounded.
The gnoll barely misses you.
You shoot a sling bullet. The sling bullet hits the gnoll.
The gnoll is lightly wounded.
The gnoll barely misses you.
You shoot a sling bullet. The sling bullet hits the gnoll.
The gnoll is moderately wounded.
The gnoll closely misses you.
You shoot a sling bullet.
The sling bullet barely misses the gnoll.
The sling bullet hits the gnoll.
The gnoll is lightly wounded.
The gnoll hits you but does no damage.
You shoot a sling bullet.
The sling bullet barely misses the gnoll. x2
The gnoll hits you from afar with a +0 halberd!
The gnoll closely misses you.
You shoot a sling bullet. The sling bullet hits the gnoll.
The gnoll is moderately wounded.
The gnoll hits you from afar with a +0 halberd!
You die...

.#.# ... ..# ..#
#g# # # #g#.#
#.##.#.# #+#
#.).@..# #.#
####.### #.# #.#
##.## #.#
###...## #.#
.......# #.#
##....### #(#
#..<...########.#
###.##..........#


You could see 2 gnolls.

Vanquished Creatures
  Terence (D:2)
  A gnoll (D:3)
  2 adders (D:2)
  2 dart slugs (D:1)
  5 bats
  3 endoplasms
  2 giant cockroaches (D:1)
  4 hobgoblins
  3 jackals (D:2)
  A kobold (D:1)
  A quokka (D:2)
  3 ball pythons (D:1)
  5 frilled lizards
  3 goblins
  2 rats (D:1)
38 creatures vanquished.

Notes
Turn   | Place    | Note
-------+----------+-------------------------------------------
     0 | D:1      | qw the Gargoyle Hexslinger began the quest for the Orb.
     0 | D:1      | Reached XP level 1. HP: 12/12 MP: 2/2
     0 | D:1      | 0 ||| qw: Version: 0.3-a-46-gb1f654a
     0 | D:1      | 0 ||| qw: Game counter: 2364
     0 | D:1      | 0 ||| qw: Melee chars always use a shield: true
     0 | D:1      | 0 ||| qw: God list: Okawaru
     0 | D:1      | 0 ||| qw: Allow faded altars: false
     0 | D:1      | 0 ||| qw: Do Orc after clearing Dungeon:15 true
     0 | D:1      | 0 ||| qw: Do second Lair branch before Depths: true
     0 | D:1      | 0 ||| qw: Lair rune preference: random
     0 | D:1      | 0 ||| qw: Goals: Normal
     0 | D:1      | 0 ||| PLANNING D:1-11
   157 | D:1      | Reached XP level 2. HP: 16/16 MP: 3/3
   184 | D:1      | Found Xunger Igge's General Store.
   190 | D:1      | 190 ||| SHOPLISTING potion of curing (42 gold, have 12).
   190 | D:1      | 190 ||| SHOPLISTING potion of resistance (140 gold, have
                  | 12).
   303 | D:1      | Reached skill level 3 in Ranged Weapons
   494 | D:1      | Reached XP level 3. HP: 21/21 MP: 4/4
   918 | D:1      | 918 ||| UPGRADING to +0 pair of gloves.
   923 | D:1      | 923 ||| UPGRADING to +2 helmet.
   928 | D:1      | 928 ||| UPGRADING to ring of see invisible.
   929 | D:1      | 929 ||| READING scroll labelled REULUH OXKIRPH.
   930 | D:1      | 930 ||| READING scroll labelled YTRADOMEJA.
   931 | D:1      | 931 ||| READING scroll labelled KYCWURGH GUMMUEC.
   932 | D:1      | 932 ||| READING scroll labelled QOIMIF OQUO.
   933 | D:1      | 933 ||| READING scroll labelled EZURHONGINK.
   937 | D:1      | 937 ||| DROPPING scroll of poison.
  1428 | D:2      | Noticed Terence
  1438 | D:2      | Killed Terence
  1439 | D:2      | Reached skill level 4 in Ranged Weapons
  1439 | D:2      | Reached XP level 4. HP: 26/26 MP: 5/5
  1850 | D:2      | 1850 ||| UPGRADING to +0 cloak.
  1855 | D:2      | 1855 ||| READING scroll labelled HUMMEA ATHA.
  1856 | D:2      | 1856 ||| READING 2 scrolls of identify.
  1856 | D:2      | 1856 ||| IDENTIFYING dark potion
  1857 | D:2      | 1857 ||| DROPPING potion of magic.
  1943 | D:3      | HP: 4/26 [gnoll/+0 halberd (8)]
  1944 | D:3      | Mangled by a gnoll

Levels and vault maps discovered:
D:1:      elethiomel_arrival_infinity_welcomes_careful_drivers,
          layout_loops_ring, serial_shops, shop, serial_park_tiny_pond,
          minivault_26, patterned_corridor
D:2:      layout_loops_corners, uniq_terence
D:3:      layout_loops_corners, ebering_ecumenical_altar_abandoned,
          gammafunk_ghost_mausoleum, uniq_ijyb

Skill      XL: |  1  2  3 |
---------------+----------+-----
Ranged Weapons | 3 4 |  4.4
Fighting       | 2 |  2.0
Dodging        | |  1.5
Spellcasting   | |  1.0
Hexes          | |  2.6

Action                     |  1- 3 |  4- 6 || total
---------------------------+-------+-------++-------
   Fire: Sling             |   106 |    41 ||   147
    Use: Scroll            |     5 |     2 ||     7
 Armour: Robe              |    22 |    10 ||    32
  Dodge: Dodged            |    28 |    21 ||    49

Table legend:
 A = Non-vault XP
 B = Vault XP
 C = Vault XP percentage of total XP
 D = Non-vault monster count
 E = Vault monster count
 F = Vault count percentage of total count
                 A         B        C        D         E       F
            +---------+---------+-------+---------+---------+-------
      Total |     100 |      32 |  24.2 |      37 |       1 |   2.6
            +---------+---------+-------+---------+---------+-------
        D:1 |      38 |       0 |   0.0 |      21 |       0 |   0.0
        D:2 |      45 |      32 |  41.6 |      14 |       1 |   6.7
        D:3 |      17 |       0 |   0.0 |       2 |       0 |   0.0
            +---------+---------+-------+---------+---------+-------
